 Dungeon Crawl Stone Soup version 0.26-a0-935-g3624241d3c (webtiles) character file.

Game seed: 2575619701393715824

2555 marklar909 the Slinger (level 9, -2/62 HPs)
             Began as a Halfling Hunter on Nov 27, 2020.
             Was an Initiate of Okawaru.
             Killed from afar by Erica (19 damage)
             ... with a lance of force
             ... on level 8 of the Dungeon.
             The game lasted 00:12:14 (9922 turns).

marklar909 the Slinger (Halfling Hunter)            Turns: 9922, Time: 00:12:14

Health: -2/62      AC: 14    Str: 16    XL:     9   Next: 86%
Magic:  9/9        EV:  7    Int:  9    God:    Okawaru [......]
Gold:   333        SH:  0    Dex: 15    Spells: 8/8 levels left

rFire    . . .     SeeInvis .   b - +0 short sword
rCold    . . .     Faith    .   C - +0 buckler
rNeg     . . .     Spirit   .   z - +0 plate armour
rPois    .         Reflect  .   (no helmet)
rElec    .         Harm     .   q - +0 cloak
rCorr    +         Rampage  .   m - +0 pair of gloves
MR       .....                  (no boots)
Stlth    ..........             (no amulet)
HPRegen  0.20/turn              v - ring of flight
MPRegen  0.11/turn              w - ring of resist corrosion

@: confused, slowed, heavily drained, very slow
A: small, mutation resistance 1
a: Renounce Religion, Evoke Flight


You were on level 8 of the Dungeon.
You worshipped Okawaru.
Okawaru was noncommittal.
You visited 2 branches of the dungeon, and saw 9 of its levels.

You collected 333 gold pieces.

Inventory:

Hand Weapons
 a - a +2 hunting sling
 b - a +0 short sword (weapon)
Armour
 m - a +0 pair of gloves (worn)
 q - a +0 cloak (worn)
 z - a +0 plate armour (worn)
 C - a +0 buckler (worn)
Jewellery
 c - an uncursed amulet of magic regeneration {unknown}
 v - a ring of flight (left hand)
 w - a ring of resist corrosion (right hand)
Scrolls
 g - a scroll of magic mapping
 h - a scroll of enchant weapon
 j - 5 scrolls of teleportation
 k - 11 scrolls of identify
 o - a scroll of fog {unknown}
 p - a scroll of remove curse
 r - 2 scrolls of amnesia
 u - a scroll of silence {unknown}
 x - a scroll of enchant armour {unknown}
 y - a scroll of immolation {unknown}
 B - 3 scrolls of noise {unknown}
Potions
 d - a potion of ambrosia {unknown}
 e - 3 potions of curing
 f - a potion of brilliance {unknown}
 i - a potion of might
 l - 3 potions of lignification {unknown}
 n - 2 potions of berserk rage {unknown}
 s - a potion of cancellation {unknown}
 t - 2 potions of resistance {unknown}
 A - a potion of mutation {unknown}
 D - a potion of heal wounds {unknown}


   Skills:
 * Level 6.0(4.7) Fighting
 + Level 1.3(0.1) Short Blades
 + Level 12.7(11.1) Slings
 * Level 5.4(4.1) Armour
 * Level 4.9(3.6) Dodging
 + Level 1.8(0.6) Stealth
 * Level 1.7(0.5) Shields
 + Level 0.2(0.0) Evocations


You had 8 spell levels left.
You didn't know any spells.
Your spell library contained the following spells:

 Spells                   Type           Power        Failure   Level
 Confusing Touch          Hex            #.......     100%        3
 Gell's Gravitas          Tloc           #.........   100%        3
 Petrify                  Tmut/Erth      #.......     100%        4
 Metabolic Englaciation   Hex/Ice        #.........   100%        5
 Yara's Violent Unravell  Hex/Tmut       #.........   100%        5


Dungeon Overview and Level Annotations

Branches:
Dungeon (8/15)             Temple (1/1) D:6
   Lair: D:8-11

Altars:
Ashenzari
Cheibriados
Dithmenos
Elyvilon
Fedhas
Gozag
Kikubaaqudgha
Makhleb
Nemelex Xobeh
Okawaru
Qazlal
Ru
Sif Muna
Trog
Uskayaw
Wu Jian
Xom
Yredelemnul
Zin
The Shining One

Shops:
D:5 (

Annotations:
D:5 Eustachio
D:6 2 runed translucent doors, jestyr24's ghost, novice DsGl
D:7 1 runed translucent door
D:8 Erica


Innate Abilities, Weirdness & Mutations

You are small and have problems with some larger weapons.
You are somewhat resistant to further mutation.


Message History

You hit something but do no damage. You barely miss something.
Something hits you but does no damage.
You hit something. Something hits you.
* * * LOW HITPOINT WARNING * * *
Something burns you.
* * * LOW HITPOINT WARNING * * *
You hit something. Something hits you but does no damage.
You puncture something!
You hear some strange, mumbled words.
You feel yourself slow down.
You closely miss something.
You hear some strange, mumbled words.
You are confused.
Something hits you but does no damage.
You bump into the rock wall.
Something completely misses you.
You're too confused to move!
You hear some strange, mumbled words.
A lance of force appears from out of thin air!
The lance of force hits you!!
You die...

#.# #... #.#
...# #.# ...#
#.# ...#
#.####<. ...#
#.....). #
...# ########
##.####o..####
#...@{J{F.....
#.#####o..##.#
.#.# .# # ..
.# .# .#


You could see a bullfrog, a jelly and 2 orcs.

Vanquished Creatures
  Grinder (D:6)
  Sigmund (D:6)
  A sky beast (D:6)
  An ice beast (D:7)
  An orc warrior (D:8)
  2 ogres
  2 centaurs (D:6)
  A big kobold (D:7)
  A bullfrog (D:2)
  4 scorpions
  4 wights
  2 howler monkeys
  A centaur zombie (D:5)
  2 bullfrog zombies
  A hound (D:6)
  A jelly (D:7)
  A gnoll shaman (D:6)
  2 orc priests
  8 orc wizards
  A bullfrog skeleton (D:4)
  A human skeleton (D:7)
  4 worker ants
  9 gnolls
  13 adders
  2 shadow imps (D:5)
  2 white imps
  2 oozes
  5 adder skeletons
  8 worms
  3 dart slugs
  4 leopard geckos
  29 orcs
  3 giant cockroaches
  7 goblins
  8 hobgoblins
  7 jackals
  3 quokkas
  3 ball pythons
  14 bats
  6 frilled lizards
  3 jackal zombies
  13 kobolds
  A kobold zombie (D:7)
  A leopard gecko skeleton (D:7)
  11 rats
200 creatures vanquished.

Vanquished Creatures (others)
  15 fungi (D:7)
15 creatures vanquished.

Grand Total: 215 creatures vanquished

Notes
Turn   | Place    | Note
-------+----------+-------------------------------------------
     0 | D:1      | marklar909 the Halfling Hunter began the quest for the Orb.
     0 | D:1      | Reached XP level 1. HP: 14/14 MP: 1/1
    23 | D:1      | Reached skill level 6 in Slings
   128 | D:1      | Reached XP level 2. HP: 16/19 MP: 2/2
   511 | D:1      | Reached XP level 3. HP: 24/24 MP: 3/3
   630 | D:1      | Reached skill level 7 in Slings
  1058 | D:2      | Noticed a bullfrog
  1065 | D:2      | Killed a bullfrog
  1066 | D:2      | Reached skill level 8 in Slings
  1066 | D:2      | Reached XP level 4. HP: 29/29 MP: 4/4
  1066 | D:2      | Reached XP level 5. HP: 34/34 MP: 5/5
  1323 | D:2      | Found a blossoming altar of Fedhas.
  1524 | D:2      | Found a burning altar of Makhleb.
  1608 | D:3      | Noticed a moth of wrath
  1610 | D:3      | Found a bloodstained altar of Trog.
  1706 | D:3      | Found a shimmering altar of Xom.
  1908 | D:3      | Found a hide-covered altar of Uskayaw.
  2007 | D:3      | Reached skill level 9 in Slings
  2007 | D:3      | Reached XP level 6. HP: 39/41 MP: 6/6
  2714 | D:3      | Reached skill level 1 in Armour
  2896 | D:4      | Found a shadowy altar of Dithmenos.
  2948 | D:4      | Noticed an ogre
  2953 | D:4      | Killed an ogre
  2954 | D:4      | Reached skill level 10 in Slings
  2954 | D:4      | Reached XP level 7. HP: 45/45 MP: 7/7
  3656 | D:5      | Entered Level 5 of the Dungeon
  3850 | D:5      | Found Irghan's Antique Weapon Emporium.
  3879 | D:5      | Reached skill level 11 in Slings
  4076 | D:5      | Reached XP level 8. HP: 52/52 MP: 8/8
  4237 | D:5      | Noticed Eustachio
  5292 | D:6      | Noticed Sigmund
  5315 | D:6      | Killed Sigmund
  5454 | D:6      | Found a staircase to the Ecumenical Temple.
  5534 | D:6      | Found an ornate altar of the Wu Jian Council.
  5582 | D:6      | Noticed Grinder
  5582 | D:6      | Paralysed by Grinder for 6 turns
  5616 | D:6      | Paralysed by Grinder for 3 turns
  5621 | D:6      | Killed Grinder
  5622 | D:6      | Reached skill level 12 in Slings
  5991 | D:6      | Reached XP level 9. HP: 47/59 MP: 9/9
  6376 | D:6      | Found a large runed translucent door.
  6376 | D:6      | Found a large runed translucent door.
  6378 | D:6      | Noticed jestyr24's ghost (novice DsGl)
  6407 | D:6      | Reached skill level 5 in Fighting
  7149 | Temple   | Entered the Ecumenical Temple
  7235 | Temple   | Became a worshipper of Warmaster Okawaru
  7412 | D:7      | Found a runed translucent door.
  7718 | D:7      | Found a basalt altar of Yredelemnul.
  7779 | D:7      | Found a shadowy altar of Dithmenos.
  8073 | D:7      | Found a bloodstained altar of Trog.
  8268 | D:8      | Reached skill level 5 in Armour
  8615 | D:7      | Reached skill level 1 in Shields
  8635 | D:7      | Reached * piety under Okawaru
  9134 | D:7      | Reached skill level 1 in Short Blades
  9457 | D:7      | Found the +7 Singing Sword {vorpal, sonic wave}
  9527 | D:7      | Found a stormy altar of Qazlal.
  9881 | D:8      | Noticed Erica
  9922 | D:8      | Killed from afar by Erica

Illustrated notes

Levels and vault maps discovered:
D:1:      mushboom_english_gardens, layout_basic, palyth_stone_intersect
D:2:      layout_basic, lemuel_coloured_pillars_altar, fedhas_altar_3
D:3:      layout_loops_corners, lemuel_doored_altar,
          eat_drink_and_be_merry_uskayaw, tgw_trog
D:4:      layout_loops_ring, grunt_dithmenos_smoke_and_mirrors
D:5:      layout_basic, serial_shops, shop, minivault_27, uniq_eustachio
D:6:      layout_layer_cave, general_overflow_altar, minmay_temple_entry_tees,
          ebering_ghost_disaster_area, uniq_grinder, uniq_sigmund
D:7:      old_forge, layout_loops_ring, lemuel_round_altar,
          nicolae_qazlal_general_emergency, lemuel_round_altar,
          dk_yredelemnul_ordeal
D:8:      layout_loops_ring, overflow_temple_1_default, uniq_erica, uniq_joseph
Temple:   nicolae_temple_hex_pool

Skill      XL: |  1  2  3  4  5  6  7  8  9 |
---------------+----------------------------+-----
Slings         | 6 8 9 10 11 12 | 12.7
Fighting       | 2 3 4 6 |  6.0
Armour         | 1 2 3 5 |  5.4
Dodging        | 4 |  4.9
Shields        | 1 |  1.7
Short Blades   | 1 |  1.3
Stealth        | |  1.8
Evocations     | |  0.2

Action                   |  1- 3 |  4- 6 |  7- 9 || total
-------------------------+-------+-------+-------++-------
Melee: Short sword       |       |       |   152 ||   152
 Fire: Hunting sling     |    86 |   183 |   623 ||   892
Invok: Heroism           |       |       |     2 ||     2
 Abil: Stop Flying       |       |       |     1 ||     1
       Evoke Flight      |       |       |     1 ||     1
Evoke: Wand              |       |       |     6 ||     6
  Use: Scroll            |     2 |     1 |     5 ||     8
       Potion            |       |       |     1 ||     1
Armor: Leather armour    |     7 |    10 |     2 ||    19
       Plate armour      |       |       |   169 ||   169
Dodge: Dodged            |    14 |    35 |   139 ||   188
Block: Buckler           |       |       |    42 ||    42

Table legend: (Time is in decaauts)
 A = Elapsed time spent in this place.
 B = Non-inter-level travel time spent in this place.
 C = Inter-level travel time spent in this place.
 D = Time resting spent in this place.
 E = Time spent auto-exploring this place.
 F = Levels seen in this place.
 G = Mean time per level.
                   A        B        C        D        E       F      G
               +--------+--------+--------+--------+--------+-----+--------+
         Total |   9656 |   9208 |    448 |    400 |   7258 |   9 | 1072.9 |
       Dungeon |   9557 |   9126 |    431 |    400 |   7182 |   8 | 1194.6 |
        Temple |     98 |     81 |     17 |      0 |     76 |   1 |   98.0 |
               +--------+--------+--------+--------+--------+-----+--------+

Top non-repeatable levels by time:
     D:6: 2351 daAuts
     D:7: 1849 daAuts
     D:5: 1268 daAuts
     D:3: 1264 daAuts
     D:1: 998 daAuts
     D:4: 744 daAuts
     D:2: 569 daAuts
     D:8: 511 daAuts
  Temple: 98 daAuts
